IL
COLORADO SPRINGS SKY SOX @ IOWA CUBS
07/01/2048
 
TOP OF THE 1ST
Colorado Springs Sky Sox batting - Pitching for Iowa Cubs : RHP Dustin Buckner
Pitching: RHP Dustin Buckner
Batting: LHB Greg Valenzuela 0-0: Called Strike
0-1: Foul Ball, location: 2F
0-2: Ball
1-2: Foul Ball, location: 2F
1-2: Ball
2-2: Foul Ball, location: 2F
2-2: Strikes out looking
Batting: RHB Juan Figueroa 0-0: Called Strike
0-1: DOUBLE (Line Drive, 8RD, EV 91.9 MPH)
Batting: LHB Michael Krott 0-0: Ground out U3 (Groundball, 34S, EV 80.6 MPH)
Juan Figueroa to third
Batting: RHB Mike McElroy 0-0: Ground out 4-3 (Groundball, 4, EV 91.9 MPH)
Top of the 1st over - 0 runs, 1 hit, 0 errors, 1 left on base; Colorado Springs 0 - Iowa 0
BOTTOM OF THE 1ST
Iowa Cubs batting - Pitching for Colorado Springs Sky Sox : RHP Iehohs Inatho
Pitching: RHP Iehohs Inatho
Batting: LHB Sumiki Okuhara 0-0: Ball
1-0: Foul Ball, location: 2F
1-1: Ball
2-1: Ground out 4-3 (Groundball, 13, EV 83.8 MPH)
Batting: RHB Jon Aguilar 0-0: Ball
1-0: Called Strike
1-1: Foul Ball, location: 2F
1-2: Ball
2-2: Foul Ball, location: 2F
2-2: Fly out, F7 (Flyball, 78M, EV 86.9 MPH)
Batting: LHB Mark Ingram 0-0: Ball
1-0: Ball
2-0: Ball
3-0: Base on Balls
Batting: RHB Ricardo Aguinaga 0-0: Ball
1-0: Foul Ball, location: 2F
1-1: Fielders Choice at 2nd, 5-4 (Groundball, 56, EV 91.2 MPH)
Bottom of the 1st over - 0 runs, 0 hits, 0 errors, 1 left on base; Colorado Springs 0 - Iowa 0
TOP OF THE 2ND
Colorado Springs Sky Sox batting - Pitching for Iowa Cubs : RHP Dustin Buckner
Batting: LHB Luke Coulter 0-0: Called Strike
0-1: Fly out, F8 (Flyball, 8LD, EV 100.0 MPH)
Batting: RHB Eduardo Camacho 0-0: Called Strike
0-1: Foul Ball, location: 2F
0-2: Ball
1-2: Ball
2-2: Ground out 4-3 (Groundball, 4, EV 111.2 MPH)
Batting: LHB Iehohs Inatho 0-0: Swinging Strike
0-1: Fly out, F8 (Flyball, 8RXD, EV 92.5 MPH)
Top of the 2nd over - 0 runs, 0 hits, 0 errors, 0 left on base; Colorado Springs 0 - Iowa 0
BOTTOM OF THE 2ND
Iowa Cubs batting - Pitching for Colorado Springs Sky Sox : RHP Iehohs Inatho
Batting: RHB Adam O'Hare 0-0: Ball
1-0: Called Strike
1-1: Ball
2-1: Ball
3-1: Base on Balls
Batting: SHB Gabriel Cruz 0-0: Swinging Strike
0-1: Fly out, F7 (Flyball, 7D, EV 94.4 MPH)
Runner from 1st tags up, SAFE at 2nd
Batting: RHB Brian Gargis 0-0: Foul Ball, location: 2F
0-1: Ball
1-1: Swinging Strike
1-2: Foul Ball, location: 2F
1-2: Foul Ball, location: 2F
1-2: Ball
2-2: Strikes out looking
Batting: RHB Pat Barton 0-0: Called Strike
0-1: Swinging Strike
0-2: Ground out 3-1 (Groundball, 34S, EV 70.6 MPH)
Bottom of the 2nd over - 0 runs, 0 hits, 0 errors, 1 left on base; Colorado Springs 0 - Iowa 0
TOP OF THE 3RD
Colorado Springs Sky Sox batting - Pitching for Iowa Cubs : RHP Dustin Buckner
Batting: RHB John Boyer 0-0: DOUBLE (Line Drive, 78D, EV 103.1 MPH)
Batting: SHB Jamie Mims 0-0: Called Strike
0-1: Called Strike
0-2: Ground out 6-3 (Groundball, 6, EV 79.4 MPH)
Batting: LHB Greg Valenzuela 0-0: Ball
1-0: Ground out 3-1 (Groundball, 34, EV 103.8 MPH)
John Boyer to third
Batting: RHB Juan Figueroa 0-0: Ball
1-0: Called Strike
1-1: Ball
2-1: Ball
3-1: Called Strike
3-2: Ground out 1-3 (Groundball, 25, EV 68.1 MPH)
Top of the 3rd over - 0 runs, 1 hit, 0 errors, 1 left on base; Colorado Springs 0 - Iowa 0
BOTTOM OF THE 3RD
Iowa Cubs batting - Pitching for Colorado Springs Sky Sox : RHP Iehohs Inatho
Batting: RHB Rich Thurman 0-0: Called Strike
0-1: Swinging Strike
0-2: Strikes out looking
Batting: LHB Sumiki Okuhara 0-0: Ball
1-0: Called Strike
1-1: Ball
2-1: Called Strike
2-2: Strikes out swinging
Batting: RHB Jon Aguilar 0-0: Ball
1-0: Ground out 6-3 (Groundball, 56, EV 98.8 MPH)
Bottom of the 3rd over - 0 runs, 0 hits, 0 errors, 0 left on base; Colorado Springs 0 - Iowa 0
TOP OF THE 4TH
Colorado Springs Sky Sox batting - Pitching for Iowa Cubs : RHP Dustin Buckner
Batting: LHB Michael Krott 0-0: Called Strike
0-1: Ball
1-1: Swinging Strike
1-2: Strikes out swinging
Batting: RHB Mike McElroy 0-0: Ball
1-0: Ball
2-0: Called Strike
2-1: Ball
3-1: Foul Ball, location: 2F
3-2: Foul Ball, location: 2F
3-2: Foul Ball, location: 2F
3-2: Base on Balls
Batting: LHB Luke Coulter 0-0: Ball
1-0: Ball
2-0: Called Strike
2-1: Ball
3-1: Fly out, F7 (Flyball, 78M, EV 86.2 MPH)
Batting: RHB Eduardo Camacho 0-0: Ball
Mike McElroy is caught stealing 2nd base 2-4
Top of the 4th over - 0 runs, 0 hits, 0 errors, 0 left on base; Colorado Springs 0 - Iowa 0
BOTTOM OF THE 4TH
Iowa Cubs batting - Pitching for Colorado Springs Sky Sox : RHP Iehohs Inatho
Batting: LHB Mark Ingram 0-0: Foul Ball, location: 2F
0-1: Ball
1-1: Swinging Strike
1-2: Ball
2-2: Foul Ball, location: 2F
2-2: Ball
3-2: Base on Balls
Batting: RHB Ricardo Aguinaga 0-0: Ball
1-0: Foul Ball, location: 2F
1-1: Foul Ball, location: 2F
1-2: Ball
2-2: Foul Ball, location: 2F
2-2: Ball
3-2: Strikes out swinging
Batting: RHB Adam O'Hare 0-0: Ball
1-0: Fly out, F7 (Flyball, 7D, EV 92.5 MPH)
Batting: SHB Gabriel Cruz 0-0: Called Strike
0-1: Swinging Strike
0-2: Ball
1-2: SINGLE (Groundball, 4MD, EV 103.1 MPH)
Mark Ingram to second
Batting: RHB Brian Gargis 0-0: Ball
1-0: SINGLE (Groundball, 3D, EV 110.0 MPH)
Mark Ingram to third
Gabriel Cruz to second
Batting: RHB Pat Barton 0-0: Called Strike
0-1: SINGLE (Groundball, 34D, EV 101.9 MPH)
Mark Ingram scores
Gabriel Cruz to third
Brian Gargis to second
Runner from 3rd tries for Home, SAFE, throw by RF to home
Batting: RHB Rich Thurman 0-0: DOUBLE (Line Drive, 89D, EV 106.2 MPH)
Brian Gargis scores
Pat Barton to third
Runner from 3rd tries for Home, SAFE, throw by CF to home
Batting: LHB Sumiki Okuhara 0-0: Ball
1-0: Ball
2-0: Called Strike
2-1: Swinging Strike
2-2: Strikes out swinging
Bottom of the 4th over - 4 runs, 4 hits, 0 errors, 1 left on base; Colorado Springs 0 - Iowa 4
TOP OF THE 5TH
Colorado Springs Sky Sox batting - Pitching for Iowa Cubs : RHP Dustin Buckner
Batting: RHB Eduardo Camacho 0-0: Ball
1-0: Foul Ball, location: 2F
1-1: Ball
2-1: Ground out U3 (Groundball, 13, EV 76.2 MPH)
Batting: LHB Iehohs Inatho 0-0: Foul Ball, location: 2F
0-1: Swinging Strike
0-2: Ground out 2-3 (Groundball, 2L, EV 65.0 MPH)
Batting: RHB John Boyer 0-0: Called Strike
0-1: Ball
1-1: Ball
2-1: SINGLE (Groundball, 34D, EV 94.4 MPH)
Batting: SHB Jamie Mims 0-0: Ball
1-0: Ground out 1-3 (Groundball, 34S, EV 64.4 MPH)
Top of the 5th over - 0 runs, 1 hit, 0 errors, 1 left on base; Colorado Springs 0 - Iowa 4
BOTTOM OF THE 5TH
Iowa Cubs batting - Pitching for Colorado Springs Sky Sox : RHP Iehohs Inatho
Batting: RHB Jon Aguilar 0-0: Ball
1-0: Foul Ball, location: 2F
1-1: Ball
2-1: Ball
3-1: Called Strike
3-2: Foul Ball, location: 2F
3-2: Strikes out looking
Batting: LHB Mark Ingram 0-0: Called Strike
0-1: Swinging Strike
0-2: Strikes out swinging
Batting: RHB Ricardo Aguinaga 0-0: Ball
1-0: Ball
2-0: Ball
3-0: Called Strike
3-1: Base on Balls
Batting: RHB Adam O'Hare 0-0: Ball
1-0: Ball
2-0: Called Strike
2-1: Fly out, F8 (Line Drive, 78D, EV 95.6 MPH)
Bottom of the 5th over - 0 runs, 0 hits, 0 errors, 1 left on base; Colorado Springs 0 - Iowa 4
TOP OF THE 6TH
Colorado Springs Sky Sox batting - Pitching for Iowa Cubs : RHP Dustin Buckner
Pitching: LHP Bill Esten
Batting: LHB Greg Valenzuela 0-0: Called Strike
0-1: Swinging Strike
0-2: Foul Ball, location: 2F
0-2: Strikes out swinging
Batting: RHB Juan Figueroa 0-0: Ball
1-0: Ground out U3 (Groundball, 3S, EV 80.6 MPH)
Batting: LHB Michael Krott 0-0: Ball
1-0: Called Strike
1-1: Swinging Strike
1-2: Strikes out looking
Top of the 6th over - 0 runs, 0 hits, 0 errors, 0 left on base; Colorado Springs 0 - Iowa 4
BOTTOM OF THE 6TH
Iowa Cubs batting - Pitching for Colorado Springs Sky Sox : RHP Iehohs Inatho
Batting: SHB Gabriel Cruz 0-0: Called Strike
0-1: Swinging Strike
0-2: Ball
1-2: Strikes out swinging
Pitching: RHP Victor Castillo
Batting: RHB Brian Gargis 0-0: Ball
1-0: Foul Ball, location: 2F
1-1: Called Strike
1-2: Strikes out swinging
Batting: RHB Pat Barton 0-0: Ball
1-0: Ball
2-0: Called Strike
2-1: SINGLE (Groundball, 56D, EV 102.5 MPH)
Batting: RHB Rich Thurman 0-0: Ball
1-0: Called Strike
1-1: Called Strike
1-2: Strikes out swinging
Bottom of the 6th over - 0 runs, 1 hit, 0 errors, 1 left on base; Colorado Springs 0 - Iowa 4
TOP OF THE 7TH
Colorado Springs Sky Sox batting - Pitching for Iowa Cubs : LHP Bill Esten
Pitching: RHP Arnaldo Cardamenho
Batting: RHB Mike McElroy 0-0: Foul Ball, location: 2F
0-1: Ball
1-1: Ground out 6-3 (Groundball, 6, EV 80.6 MPH)
Batting: LHB Luke Coulter 0-0: Ball
1-0: Called Strike
1-1: Foul Ball, location: 2F
1-2: Strikes out swinging
Batting: RHB Eduardo Camacho 0-0: Called Strike
0-1: Ball
1-1: Ball
2-1: Ball
3-1: Base on Balls
Batting: LHB Iehohs Inatho 0-0: Called Strike
0-1: Called Strike
0-2: Strikes out looking
Top of the 7th over - 0 runs, 0 hits, 0 errors, 1 left on base; Colorado Springs 0 - Iowa 4
BOTTOM OF THE 7TH
Iowa Cubs batting - Pitching for Colorado Springs Sky Sox : RHP Victor Castillo
Batting: LHB Sumiki Okuhara 0-0: Swinging Strike
0-1: Foul Ball, location: 2F
0-2: Ball
1-2: Ball
2-2: Ball
3-2: Base on Balls
Batting: RHB Jon Aguilar 0-0: Ball
1-0: Bunt missed!
1-1: Bunted foul
1-2: Foul Ball, location: 2F
1-2: Ball
2-2: Ball
3-2: SINGLE (Line Drive, 8RS, EV 105.0 MPH)
Sumiki Okuhara to second
Batting: LHB Mark Ingram 0-0: Ball
1-0: Ball
2-0: Ball
3-0: Base on Balls
Sumiki Okuhara to third
Jon Aguilar to second
Batting: RHB Ricardo Aguinaga 0-0: Ball
1-0: Foul Ball, location: 2F
1-1: Grounds into double play, 4-6-3 (Groundball, 4M, EV 85.0 MPH)
Sumiki Okuhara scores
Jon Aguilar to third
Batting: RHB Adam O'Hare 0-0: Called Strike
0-1: Called Strike
0-2: Ball
1-2: Ball
Wild Pitch!
Jon Aguilar scores
2-2: Strikes out looking
Bottom of the 7th over - 2 runs, 1 hit, 0 errors, 0 left on base; Colorado Springs 0 - Iowa 6
TOP OF THE 8TH
Colorado Springs Sky Sox batting - Pitching for Iowa Cubs : RHP Arnaldo Cardamenho
Batting: RHB John Boyer 0-0: Ball
1-0: Ground out 6-3 (Groundball, 6M, EV 80.0 MPH)
Batting: SHB Jamie Mims 0-0: Fly out, F9 (Line Drive, 9S, EV 105.0 MPH)
Batting: LHB Greg Valenzuela 0-0: Called Strike
0-1: Called Strike
0-2: Foul Ball, location: 2F
0-2: Ball
1-2: Foul Ball, location: 2F
1-2: Ball
2-2: Ball
3-2: SINGLE (Line Drive, 5L, EV 98.8 MPH)
Batting: RHB Juan Figueroa 0-0: Ball
1-0: Ball
2-0: Ball
3-0: Base on Balls
Greg Valenzuela to second
Batting: LHB Michael Krott 0-0: Ball
1-0: Called Strike
1-1: Foul Ball, location: 2F
1-2: Foul Ball, location: 2F
1-2: Foul Ball, location: 2F
1-2: Strikes out swinging
Top of the 8th over - 0 runs, 1 hit, 0 errors, 2 left on base; Colorado Springs 0 - Iowa 6
BOTTOM OF THE 8TH
Iowa Cubs batting - Pitching for Colorado Springs Sky Sox : RHP Victor Castillo
Batting: SHB Gabriel Cruz 0-0: Ball
1-0: Ball
2-0: Called Strike
2-1: Called Strike
2-2: Ball
3-2: Strikes out swinging
Batting: RHB Brian Gargis 0-0: Ball
1-0: Ground out U3 (Groundball, 34, EV 101.2 MPH)
Batting: RHB Pat Barton 0-0: Called Strike
0-1: Ball
1-1: Called Strike
1-2: Ball
2-2: Ball
3-2: Ground out 6-3 (Groundball, 6, EV 82.5 MPH)
Bottom of the 8th over - 0 runs, 0 hits, 0 errors, 0 left on base; Colorado Springs 0 - Iowa 6
TOP OF THE 9TH
Colorado Springs Sky Sox batting - Pitching for Iowa Cubs : RHP Arnaldo Cardamenho
Batting: RHB Mike McElroy 0-0: Ball
1-0: Swinging Strike
1-1: Ball
2-1: Ball
3-1: Called Strike
3-2: DOUBLE (Flyball, 78XD, EV 102.5 MPH)
Batting: LHB Luke Coulter 0-0: Ball
1-0: Foul Ball, location: 2F
1-1: Foul Ball, location: 2F
1-2: Ball
2-2: Foul Ball, location: 2F
2-2: Strikes out swinging
Batting: RHB Eduardo Camacho 0-0: Foul Ball, location: 2F
0-1: Called Strike
0-2: Ball
1-2: Strikes out looking
Pitching: LHP Jose Urena
Batting: LHB Iehohs Inatho 0-0: Ball
1-0: Called Strike
1-1: Ball
Wild Pitch!
Mike McElroy to third
2-1: Foul Ball, location: 2F
2-2: Ball
3-2: Foul Ball, location: 2F
3-2: Strikes out swinging
Top of the 9th over - 0 runs, 1 hit, 0 errors, 1 left on base; Colorado Springs 0 - Iowa 6
Tuesday, March 28th , 2023 - OOTP Baseball 23.10 Build 110